 Dungeon Crawl Stone Soup version 0.31-a0-161-gb58dd9be76 (webtiles) character file.

Game seed: 12786129794643775403

288550 pokeman the Archmage (level 19, -13/111 HPs)
             Began as a Deep Elf Hedge Wizard on June 12, 2023.
             Was the Champion of Vehumet.
             Killed from afar by a crystal guardian (58 damage)
             ... with a crystal bolt
             ... on level 3 of the Elven Halls.
             The game lasted 02:20:26 (44403 turns).

pokeman the Archmage (Deep Elf Hedge Wizard)       Turns: 44403, Time: 02:20:30

Health: -13/111    AC: 16    Str:  7    XL:     19   Next: 89%
Magic:  44/52      EV: 10    Int: 36    God:    Vehumet [******]
Gold:   2960       SH:  7    Dex: 14    Spells: 28/72 levels left

rFire   + + .        F - staff of conjuration
rCold   x . .        q - +2 buckler of the Mashing Gods {rPois}
rNeg    + . .        S - +0 swamp dragon scales
rPois   +            a - +2 hat {Int+3}
rElec   .            t - scarf {shadows}
rCorr   .            j - +0 pair of gloves "Pirheycw" {rF+ SInv}
SInv    +            u - +2 pair of boots {Fly}
Will    +....        w - amulet of magic regeneration
Stlth   ++           Q - ring of fire
HPRegen 0.38/turn    b - ring of Yrheicou {rPois rN+ Int+5}
MPRegen 0.73/turn

%: no passive effects
@: flying, studying 2 skills
A: no striking features
}: 2/15 runes: decaying, serpentine
a: Renounce Religion


You were on level 3 of the Elven Halls.
You worshipped Vehumet.
Vehumet was exalted by your worship.
You visited 7 branches of the dungeon, and saw 34 of its levels.
You also visited: Sewer and Bailey.

You collected 5047 gold pieces.
You spent 2087 gold pieces at shops.

Inventory:

Hand Weapons
 e - a +2 flail of venom
Missiles
 o - 2 curare-tipped darts
 v - a throwing net
Armour
 a - a +2 hat of intelligence (worn)
 j - the +0 pair of gloves "Pirheycw" (worn) {rF+ SInv}
   (You found it on level 1 of the Snake Pit)

   rF:        It protects you from fire.
   SInv:      It lets you see invisible.
 q - the +2 buckler of the Mashing Gods (worn) {rPois}
   (You bought it in a shop on level 2 of the Orcish Mines)

   rPois:     It protects you from poison.
 s - a +0 leather armour of cold resistance
 t - a scarf of shadows (worn)
 u - a +2 pair of boots of flying (worn)
 S - +0 swamp dragon scales (worn)
Magical Staves
 F - a staff of conjuration (weapon)
Jewellery
 b - the ring of Yrheicou (right hand) {rPois rN+ Int+5}
   (You acquired it in the Ecumenical Temple)

   [ring of positive energy]

   Int:       It affects your intelligence (+5).
   rPois:     It protects you from poison.
   rN:        It protects you from negative energy.
 h - a ring of protection from fire
 n - a ring of protection from cold
 w - an amulet of magic regeneration (around neck)
 z - an amulet of guardian spirit
 A - a ring of willpower
 B - a +6 ring of intelligence
 C - the ring of the Catfish {Fly Will+}
   (You found it on level 3 of the Elven Halls)

   [ring of flight]

   Fly:       It grants you flight.
   Will:      It increases your willpower.
 Q - a ring of fire (left hand)
 R - the ring of Liberty {rC+ Will+}
   (You took it off an orc warrior in a bailey)

   [ring of protection from cold]

   rC:        It protects you from cold.
   Will:      It increases your willpower.
Wands
 c - a wand of quicksilver (21)
 O - a wand of roots (23)
 V - a wand of digging (2)
Scrolls
 f - 5 scrolls of revelation
 g - a scroll of poison
 i - 13 scrolls of teleportation
 p - a scroll of amnesia
 I - 5 scrolls of blinking
Potions
 d - 8 potions of magic
 k - 14 potions of curing
 l - 2 potions of might
 m - a potion of mutation
 r - 6 potions of haste
 E - 8 potions of heal wounds
 W - a potion of experience
Miscellaneous
 x - a condenser vane
 y - a piece from Xom's chessboard (15/15)
 H - a phantom mirror


   Skills:
 + Level 9.6 Fighting
 - Level 9.1 Armour
 - Level 3.0 Dodging
 - Level 3.0 Stealth
 - Level 6.0 Shields
 O Level 27 Spellcasting
 * Level 19.8 Conjurations
 - Level 2.0 Summonings
 - Level 2.0 Necromancy
 - Level 1.1 Translocations
 + Level 18.0 Fire Magic
 - Level 1.1 Air Magic
 - Level 5.0 Earth Magic
 - Level 1.2 Poison Magic
 - Level 1.2 Evocations


You had 28 spell levels left.
You knew the following spells:

 Your Spells              Type           Power      Damage    Failure   Level
a - Magic Dart            Conj           100%       1d8       0%          1
b - Mephitic Cloud        Conj/Pois/Air  100%       N/A       1%          3
c - Call Imp              Summ           100%       N/A       1%          2
d - Blink                 Tloc           100%       N/A       1%          2
e - Foxfire               Conj/Fire      100%       2x1d9     0%          1
f - Fireball              Conj/Fire      80%        3d30      0%          5
g - Plasma Beam           Fire/Air       54%        2x1d69    1%          6
h - Leda's Unmaking       Conj/Erth      59%        9d10      1%          6
i - Swiftness             Air            54%        N/A       3%          3
j - Ignition              Fire           66%        3d18      1%          8
k - Orb of Destruction    Conj           68%        9d16      1%          7

Your spell library contained the following spells:

 Spells                   Type           Power      Damage    Failure   Level
 Lehudib's Crystal Spear  Conj/Erth      59%        10d14     17%         8
 Chain Lightning          Conj/Air       56%        3d74      99%         9
 Maxwell's Capacitive Co  Air            27%        ∞         100%        8
 Scorch                   Fire           100%       2d9       0%          2
 Apportation              Tloc           100%       N/A       1%          1
 Necrotise                Necr           100%       1d9       1%          1
 Slow                     Hex            100%       N/A       1%          1
 Sting                    Tmut/Pois      100%       1d8       1%          1
 Cigotuvi's Dreadful Rot  Necr/Pois/Air  100%       N/A       1%          2
 Lesser Beckoning         Tloc           100%       N/A       1%          2
 Momentum Strike          Conj/Tloc      100%       3d10      1%          2
 Passwall                 Tmut/Erth      50%        N/A       1%          2
 Poisonous Vapours        Pois/Air       100%       N/A       1%          2
 Lee's Rapid Deconstruct  Erth           35%        3d18*     1%          5
 Ensorcelled Hibernation  Hex/Ice        96%        N/A       2%          2
 Vampiric Draining        Necr           58%        2d10      2%          3
 Olgreb's Toxic Radiance  Pois           55%        N/A       2%          4
 Gell's Gravitas          Tloc           54%        N/A       3%          3
 Spider Form              Tmut/Pois      52%        N/A       3%          3
 Summon Guardian Golem    Hex/Summ       54%        N/A       3%          3
 Teleport Other           Tloc           54%        N/A       3%          3
 Portal Projectile        Hex/Tloc       100%       N/A       4%          3
 Tukima's Dance           Hex            48%        N/A       4%          3
 Spellforged Servitor     Conj/Summ      56%        N/A       4%          7
 Leda's Liquefaction      Hex/Erth       30%        N/A       6%          4
 Dispel Undead            Necr           58%        3d21      7%          4
 Anguish                  Hex/Necr       27%        N/A       11%         4
 Manifold Assault         Tloc           54%        N/A       11%         4
 Passage of Golubria      Tloc           54%        N/A       11%         4
 Summon Ice Beast         Ice/Summ       54%        N/A       11%         4
 Borgnjor's Vile Clutch   Necr/Erth      32%        N/A       11%         5
 Yara's Violent Unravell  Hex/Tmut       24%        3d11      12%         5
 Cause Fear               Hex            24%        N/A       16%         4
 Agony                    Necr           58%        N/A       21%         5
 Summon Forest            Summ/Tloc      28%        N/A       24%         5
 Summon Mana Viper        Hex/Summ       54%        N/A       30%         5
 Alistair's Intoxication  Tmut/Pois      34%        N/A       34%         5
 Blade Hands              Tmut           24%        N/A       41%         5
 Eringya's Noxious Bog    Tmut/Pois      26%        N/A       43%         6
 Statue Form              Tmut/Erth      40%        N/A       65%         6
 Dispersal                Tloc           27%        N/A       85%         6
 Monstrous Menagerie      Summ           29%        N/A       99%         7
 Summon Hydra             Summ           29%        N/A       99%         7
 Dragon Form              Tmut           24%        N/A       100%        7
 Enfeeble                 Hex            24%        N/A       100%        7
 Infestation              Necr           29%        N/A       100%        8
 Dragon's Call            Summ           29%        N/A       100%        9


Dungeon Overview and Level Annotations

Branches:
Dungeon (15/15)            Temple (1/1) D:7            Lair (5/5) D:11
  Swamp (4/4) Lair:3        Snake (4/4) Lair:3        Slime (0/5) Lair:4
    Orc (2/2) D:11            Elf (3/3) Orc:2        Vaults (0/5) D:14
 Depths (0/4) D:15          Sewer (visited)          Bailey (visited)

Altars:
Cheibriados
Dithmenos
Elyvilon
Fedhas
Makhleb
Nemelex Xobeh
Qazlal
Ru
Uskayaw
Vehumet
Wu Jian
Xom
Yredelemnul
The Shining One
Jiyva

Shops:
D:7 ?   D:10 *   D:12 *   Orc:1 [   Orc:2 [[=(   Elf:3 *   Snake:1 ?
Snake:3 *   Snake:4 !


Message History

Confirm with . or Enter, or press ? or * to list all spells.
Aiming: Fireball (safe; 0% risk of failure)
Press: ? - help, Shift-Dir - straight line, f/p - deep elf annihilator
Aim: a deep elf annihilator, wielding a +1 quarterstaff of draining (severely wounded)
You feel a strong surge of power!
The fireball explodes!
The fireball engulfs the deep elf annihilator!!!
You kill the deep elf annihilator!
Vehumet accepts your kill.
You feel your power returning.
You hear a shout!
You start resting.
A deep elf high priest comes into view.
It is wielding the staff of air "Zeuqouki" {rElec Str+3} and wearing a +0 leather armour of cold resistance.
A crystal guardian comes into view.
Casting: Fireball (safe; 0% risk of failure)
Confirm with . or Enter, or press ? or * to list all spells.
Aiming: Fireball (safe; 0% risk of failure)
Press: ? - help, Shift-Dir - straight line, f - deep elf high priest
Aim: a deep elf high priest, wielding the staff of air "Zeuqouki" {rElec Str+3}, wearing a +0 leather armour of cold resistance and wearing a ring of positive energy You feel a strong surge of power!
The fireball explodes!
The fireball engulfs the deep elf high priest!!!
You kill the deep elf high priest!
Vehumet accepts your kill.
You feel your power returning.
You hear a shout! x2
Unknown command.
Casting: Fireball (safe; 0% risk of failure)
Confirm with . or Enter, or press ? or * to list all spells.
Aiming: Leda's Unmaking (mildly dangerous; 1% risk of failure)
Press: ? - help, Shift-Dir - straight line, f - crystal guardian
Aim: a crystal guardian (100% to hit)
You feel a surge of power!
The entropic shot hits the crystal guardian!!
The crystal guardian is heavily damaged.
The crystal guardian glitters, brittle, in the dim dungeon light.
The crystal guardian fires a crystalline bolt at you.
The crystal bolt freezes you!!!
You feel a terrible chill!
Ouch! That really hurt!
The crystal bolt freezes you!!!
You feel a terrible chill!
Ouch! That really hurt!
You die...

#.# #.# ###.#
#...# ###.###
#.....#
#.)...#
##...## ##@##
#.)...#
#....))...#
.....).......
..).......)9.
......#...)))
....## ##.))|


You could see a crystal guardian.

Vanquished Creatures
  Mara (Swamp:3)
  Vashnia (Snake:2)
  Nikola (Snake:3)
  Jorgrun (Snake:3)
  Asterion (Snake:2)
  A deep elf master archer (Elf:3)
  2 deep elf blademasters
  Agnes (Elf:1)
  5 thorn hunters
  The ghost of Meok the Executioner, an adept MiFi of Gozag (Snake:3)
  Kirke (Elf:1)
  Gastronok (Lair:3)
  The ghost of bakla the Warrior, an adept KoBr of Cheibriados (Swamp:4)
  Donald (Orc:2)
  6 nagarajas (Snake:4)
  2 deep elf sorcerers (Elf:3)
  Louise (Swamp:4)
  Aizul (Snake:3)
  A quicksilver ooze (shapeshifter) (Elf:2)
  3 deep elf elementalists (Elf:3)
  A stone giant (D:15)
  6 eleionomae
  A deep elf demonologist (Elf:3)
  2 vampire knights (Swamp:4)
  4 bunyips
  6 deep elf annihilators (Elf:3)
  4 crystal guardians (Elf:3)
  3 deep elf death magi
  A fire dragon (Lair:5)
  4 deep elf high priests
  3 shambling mangroves (Swamp:4)
  28 hydras
  2 salamander tyrants (Snake:4)
  7 ghost crabs
  13 anacondas
  A spriggan air mage (Swamp:2)
  3 boulder beetles
  29 dancing weapons
  8 two-headed ogres
  6 centaur warriors
  11 alligators
  A catoblepas (Lair:5)
  7 naga warriors
  2 tengu warriors (D:15)
  16 death yaks
  14 naga sharpshooters
  17 spriggans
  5 shock serpents
  A skyshark (Lair:5)
  2 spriggan berserkers (Swamp:2)
  13 deep elf knights
  Sonja (Orc:1)
  4 goliath frogs
  4 skeletal warriors (D:14)
  8 salamander mystics
  11 naga ritualists
  11 spriggan druids
  11 swamp dragons
  6 deep elf archers
  A spectral hydra (Swamp:4)
  8 bog bodies
  2 lindwurms (Lair:5)
  A phantasmal warrior (Swamp:3)
  4 harpies (D:14)
  15 deep elf zephyrmancers
  12 orc knights
  3 orc sorcerers
  13 salamanders
  14 mana vipers
  7 oklob plants
  2 wolf spiders (Lair:5)
  28 deep elf pyromancers
  11 ugly things
  8 manticores
  6 cyclopes
  8 will-o-the-wisps
  2 elephants (Lair:3)
  4 guardian serpents
  8 naga magi
  40 black mambas
  3 apocalypse crabs (Swamp:1)
  5 torpor snails (Lair:5)
  A gargoyle (D:11)
  16 cane toads
  2 rime drakes
  A kobold demonologist (D:10)
  An unseen horror (D:11)
  A tengu conjurer (D:15)
  An efreet (D:15)
  A yaktaur (shapeshifter) (D:14)
  8 komodo dragons
  A queen bee (Lair:3)
  6 death drake zombies (Swamp:4)
  A merfolk (shapeshifter) (D:15)
  2 polar bears (Lair:4)
  9 blink frogs
  2 bloated husks (Swamp:2)
  2 hydra skeletons (Swamp:4)
  2 hydra zombies (Swamp:4)
  4 trolls
  12 tyrant leeches
  A hornet (shapeshifter) (Elf:3)
  A wolf spider simulacrum (D:14)
  A death drake skeleton (Swamp:4)
  26 hornets
  4 air elementals
  A shapeshifter (Swamp:1)
  3 slime creatures (D:14)
  2 shadows (D:10)
  3 vampires
  14 wyverns
  Sigmund (D:3)
  3 fire elementals
  25 yaks
  3 hogs (Elf:1)
  5 water elementals
  6 basilisks
  2 wraiths
  3 steam dragons
  A redback (Lair:5)
  14 swamp worms
  25 nagas
  6 wargs
  An acid dragon (D:14)
  5 hydra simulacra (Swamp:4)
  50 orc warriors
  26 water moccasins
  8 swamp drakes
  3 sky beasts
  2 black bears
  3 ice beasts
  8 ogres
  A centaur (D:9)
  2 swamp dragon zombies (Swamp:4)
  13 wolves
  3 phantoms
  4 kobold brigands
  9 bullfrogs
  2 gnoll sergeants
  2 earth elementals (Elf:2)
  4 scorpions
  7 wights
  Dowan (D:5)
  37 killer bees
  An electric eel (D:5)
  A troll skeleton (Swamp:2)
  6 howler monkeys
  12 orc priests
  5 jellies
  A sleepcap (D:5)
  Ijyb (D:3)
  6 iguanas
  19 orc wizards
  4 hell rats (Lair:4)
  7 gnolls
  A river rat (Lair:3)
  7 adders
  2 shadow imps
  2 white imps
  2 ufetubi
  A worm (D:2)
  2 dart slugs
  117 orcs
  6 ball pythons
  8 endoplasms
  5 giant cockroaches
  10 goblins
  4 hobgoblins
  5 jackals
  10 quokkas
  4 bats
  A frilled lizard (D:2)
  25 kobolds
  13 rats
  2 foxfires
1219 creatures vanquished.

Vanquished Creatures (collateral kills)
  A kobold demonologist (D:10)
  Duvessa (D:5)
  A wight (D:8)
  A killer bee (D:9)
  11 foxfires
15 creatures vanquished.

Vanquished Creatures (others)
  2 bloated husks
  A killer bee (Lair:3)
  An electric eel (D:5)
  A shadow imp (D:7)
  1223 foxfires
1228 creatures vanquished.

Grand Total: 2462 creatures vanquished

Notes
Turn   | Place    | Note
-------+----------+-------------------------------------------
     0 | D:1      | pokeman the Deep Elf Hedge Wizard began the quest for the
                  | Orb.
     0 | D:1      | Reached XP level 1. HP: 10/10 MP: 7/7
   196 | D:1      | Reached XP level 2. HP: 16/16 MP: 5/9
  1320 | D:2      | Reached skill level 5 in Spellcasting
  1323 | D:2      | Reached XP level 3. HP: 18/20 MP: 1/11
  1327 | D:2      | Learned a level 3 spell: Mephitic Cloud
  1330 | D:2      | Learned a level 2 spell: Call Imp
  1333 | D:2      | Learned a level 2 spell: Blink
  1336 | D:2      | Found a faded altar of an unknown god.
  1959 | D:2      | Identified the +0 spear "Ogrebane" {flame, Contam Str+2
                  | Dex+6 Stlth+}
  2229 | D:2      | Reached skill level 1 in Fighting
  2666 | D:3      | Reached skill level 1 in Armour
  2699 | D:3      | Noticed Ijyb
  2708 | D:3      | Killed Ijyb
  2709 | D:3      | Reached XP level 4. HP: 25/25 MP: 10/13
  2803 | D:3      | Noticed Sigmund
  2816 | D:3      | Killed Sigmund
  2817 | D:3      | Reached XP level 5. HP: 29/29 MP: 4/14
  2932 | D:3      | Reached skill level 5 in Conjurations
  3348 | D:3      | Learned a level 3 spell: Swiftness
  3594 | D:3      | Reached XP level 6. HP: 31/34 MP: 12/16
  3832 | D:4      | Reached skill level 6 in Spellcasting
  3989 | D:4      | Identified the +1 ice dragon scales "Cimy" {rElec rF- rC++
                  | rN+ Dex-4 SInv}
  4095 | D:4      | Reached skill level 1 in Air Magic
  4095 | D:4      | Reached skill level 1 in Poison Magic
  4095 | D:4      | Reached skill level 1 in Evocations
  4095 | D:4      | Reached XP level 7. HP: 12/38 MP: 1/19
  4595 | D:4      | Reached skill level 7 in Spellcasting
  4699 | D:4      | Got the Octavo of Pyromania and Toxins
  4707 | D:4      | Learned a level 6 spell: Plasma Beam
  4811 | D:5      | Entered Level 5 of the Dungeon
  5143 | D:5      | Reached skill level 1 in Fire Magic
  5146 | D:5      | Reached skill level 8 in Spellcasting
  5246 | D:5      | Found a transporter.
  5261 | D:5      | Found a transporter.
  5304 | D:5      | Reached XP level 8. HP: 44/44 MP: 17/22
  5520 | D:5      | Noticed Dowan
  5534 | D:5      | Killed Dowan
  5551 | D:5      | Noticed Duvessa
  5571 | D:5      | Killed Duvessa
  5654 | D:5      | Found a white marble altar of Elyvilon.
  5657 | D:5      | Found a radiant altar of Vehumet.
  5661 | D:5      | Became a worshipper of Vehumet
  5663 | D:5      | Found an ornate altar of the Wu Jian Council.
  5664 | D:5      | Found a sacrificial altar of Ru.
  5666 | D:5      | Found a snail-covered altar of Cheibriados.
  5667 | D:5      | Found a shadowy altar of Dithmenos.
  5670 | D:5      | Found a shimmering altar of Xom.
  5979 | D:6      | Reached skill level 9 in Spellcasting
  6090 | D:6      | Found a glowing drain.
  6151 | Sewer    | Entered a sewer
  6375 | Sewer    | Reached * piety under Vehumet
  6375 | Sewer    | Offered knowledge of Freeze by Vehumet.
  6661 | D:6      | Identified the +3 ring mail "Usionom" {rPois rF- Str+3
                  | Slay+6}
  6987 | D:6      | Reached skill level 10 in Spellcasting
  6987 | D:6      | Reached XP level 9. HP: 27/48 MP: 16/25
  7727 | D:7      | Found a glowing golden altar of the Shining One.
  7747 | D:7      | Reached ** piety under Vehumet
  7747 | D:7      | Offered knowledge of Foxfire by Vehumet.
  7748 | D:7      | Reached skill level 11 in Spellcasting
  7750 | D:7      | Learned a level 1 spell: Foxfire
  7848 | D:7      | Found a hide-covered altar of Uskayaw.
  7874 | D:7      | Found a staircase to the Ecumenical Temple.
  8016 | D:7      | Found Itazag's Magic Scroll Boutique.
  8019 | D:7      | Bought a scroll of identify for 26 gold pieces
  8019 | D:7      | Bought a scroll of teleportation for 39 gold pieces
  8019 | D:7      | Bought a scroll of identify for 26 gold pieces
  8019 | D:7      | Bought a scroll of teleportation for 39 gold pieces
  8019 | D:7      | Bought a scroll of blinking for 97 gold pieces
  8439 | D:8      | Reached skill level 5 in Fire Magic
  8543 | D:8      | Found a flagged portal.
  8571 | D:8      | Reached skill level 1 in Necromancy
  8678 | Bailey   | Entered a bailey
  8744 | Bailey   | Offered knowledge of Inner Flame by Vehumet.
  8818 | Bailey   | Noticed an orc knight
  8882 | Bailey   | Killed an orc knight
  8882 | Bailey   | Reached *** piety under Vehumet
  8883 | Bailey   | Reached skill level 12 in Spellcasting
  8886 | Bailey   | Reached XP level 10. HP: 22/53 MP: 4/28
  9142 | Bailey   | Identified the +0 ice dragon scales of the Trout {rF- rC++
                  | Will+ Stlth+}
  9142 | Bailey   | Identified the ring of Liberty {rC+ Will+}
  9396 | D:8      | Found a burning altar of Makhleb.
  9396 | D:8      | Noticed a green death
  9399 | D:8      | Noticed an orange demon
  9399 | D:8      | Noticed an orange demon
  9882 | D:9      | Noticed a two-headed ogre
 10156 | D:9      | Identified the +3 ring mail of Ymniurgh {Harm Int-4 Stlth+}
 10229 | D:9      | Killed a two-headed ogre
 10287 | D:9      | Noticed a two-headed ogre
 10305 | D:9      | Killed a two-headed ogre
 10306 | D:9      | Reached skill level 13 in Spellcasting
 10653 | D:9      | Offered knowledge of Airstrike by Vehumet.
 10826 | D:10     | Entered Level 10 of the Dungeon
 10826 | D:10     | Found Feumely's Overcharged Wands.
 11220 | D:10     | Noticed a two-headed ogre
 11233 | D:10     | Killed a two-headed ogre
 11234 | D:10     | Reached XP level 11. HP: 42/60 MP: 17/30
 11346 | D:10     | Noticed a sixfirhy
 11346 | D:10     | Noticed a two-headed ogre
 11356 | D:10     | Reached skill level 14 in Spellcasting
 11361 | D:10     | Killed a two-headed ogre
 12213 | Temple   | Entered the Ecumenical Temple
 12215 | Temple   | Identified a scroll of acquirement
 12268 | Temple   | Acquired the ring of Yrheicou {rPois rN+ Int+5}
 12398 | D:11     | Noticed a boulder beetle
 12661 | D:11     | Reached **** piety under Vehumet
 13287 | D:11     | Found a staircase to the Lair.
 13521 | D:11     | Offered knowledge of Volatile Blastmotes by Vehumet.
 13570 | D:11     | Found a staircase to the Orcish Mines.
 13931 | D:12     | Noticed a brown ugly thing
 13942 | D:11     | Reached skill level 15 in Spellcasting
 13952 | D:12     | Noticed a two-headed ogre
 13982 | D:11     | Killed a two-headed ogre
 13983 | D:11     | Reached skill level 10 in Conjurations
 14197 | D:11     | Killed a brown ugly thing
 14479 | Lair:1   | Entered Level 1 of the Lair of Beasts
 14529 | Lair:1   | Reached skill level 5 in Fighting
 14789 | Lair:1   | Found a stormy altar of Qazlal.
 14879 | Lair:1   | Reached skill level 16 in Spellcasting
 15028 | Lair:1   | Reached XP level 12. HP: 68/68 MP: 31/34
 15437 | Lair:2   | You fall into a shaft and drop 2 floors!
 15437 | Lair:4   | Noticed a death yak
 15437 | Lair:4   | Noticed a death yak
 15437 | Lair:4   | Noticed a death yak
 15437 | Lair:4   | Noticed a death yak
 15437 | Lair:4   | Noticed a death yak
 15437 | Lair:4   | Noticed a death yak
 15672 | Lair:2   | Noticed a five-headed hydra
 15748 | Lair:2   | Killed a five-headed hydra
 16428 | Lair:3   | Noticed a five-headed hydra
 16433 | Lair:3   | Killed a five-headed hydra
 16850 | Lair:3   | Reached ***** piety under Vehumet
 16901 | Lair:3   | Offered knowledge of Flame Wave by Vehumet.
 16902 | Lair:3   | Reached skill level 17 in Spellcasting
 16911 | Lair:3   | Reached skill level 1 in Shields
 16913 | Lair:3   | Noticed Gastronok
 17245 | Lair:3   | HP: 2/70 [killer bee (8)]
 17625 | Lair:3   | Found a staircase to the Swamp.
 17806 | Lair:3   | Killed Gastronok
 17807 | Lair:3   | Reached skill level 10 in Fire Magic
 18010 | Lair:3   | Learned a level 6 spell: Leda's Unmaking
 18118 | Lair:3   | Found a staircase to the Snake Pit.
 18445 | Lair:3   | Reached XP level 13. HP: 74/74 MP: 25/36
 18494 | Lair:3   | Reached skill level 18 in Spellcasting
 18496 | Lair:3   | Reached skill level 1 in Earth Magic
 18946 | Lair:4   | Offered knowledge of Fireball by Vehumet.
 18953 | Lair:4   | Learned a level 5 spell: Fireball
 19066 | Lair:4   | Found a staircase to the Slime Pits.
 19066 | Lair:4   | Found a viscous altar of Jiyva.
 19746 | Lair:5   | Entered Level 5 of the Lair of Beasts
 19751 | Lair:5   | Reached skill level 19 in Spellcasting
 20050 | Lair:5   | Reached XP level 14. HP: 80/80 MP: 14/39
 20322 | Lair:5   | Reached skill level 5 in Earth Magic
 20334 | Lair:5   | Reached skill level 5 in Shields
 20511 | Lair:5   | Reached skill level 20 in Spellcasting
 20760 | Lair:5   | Found a runed translucent door.
 22575 | D:12     | Found Boikiosu's General Store.
 22578 | D:12     | Bought a potion of curing for 51 gold pieces
 22615 | D:12     | Reached skill level 21 in Spellcasting
 23765 | D:14     | Reached XP level 15. HP: 84/84 MP: 36/42
 23894 | D:14     | Offered knowledge of Conjure Ball Lightning by Vehumet.
 23895 | D:14     | Reached skill level 5 in Armour
 24065 | D:14     | Found a gate to the Vaults.
 24334 | D:14     | Found a sparkling altar of Nemelex Xobeh.
 24435 | D:14     | Reached ****** piety under Vehumet
 24846 | D:15     | Entered Level 15 of the Dungeon
 25142 | D:15     | Reached skill level 22 in Spellcasting
 25294 | D:15     | Found a staircase to the Depths.
 26058 | Orc:1    | Entered Level 1 of the Orcish Mines
 26058 | Orc:1    | Found Xydofal's Antique Armour Boutique.
 26348 | Orc:1    | Noticed Sonja
 26351 | Orc:1    | Killed Sonja
 26849 | Orc:1    | Offered knowledge of Arcjolt by Vehumet.
 26977 | Orc:2    | Entered Level 2 of the Orcish Mines
 27101 | Orc:2    | Found a staircase to the Elven Halls.
 27541 | Orc:2    | Found Suifiw's Jewellery Boutique.
 27541 | Orc:2    | Found Opteat's Weapon Emporium.
 27785 | Orc:2    | Found Faegarir's Antique Armour Boutique.
 27785 | Orc:2    | Found Gextumu's Armour Emporium.
 27792 | Orc:2    | Bought a pair of embroidered gloves for 180 gold pieces
 27812 | Orc:2    | Bought the +2 buckler of the Mashing Gods {rPois} for 411
                  | gold pieces
 27970 | Orc:2    | Noticed Donald
 27978 | Orc:2    | Killed Donald
 28429 | Swamp:1  | Entered Level 1 of the Swamp
 28446 | Swamp:1  | Reached XP level 16. HP: 60/88 MP: 14/44
 28446 | Swamp:1  | Noticed a thorn hunter
 28634 | Swamp:1  | Killed a thorn hunter
 28635 | Swamp:1  | Reached skill level 23 in Spellcasting
 29340 | Swamp:1  | Found a runed translucent door.
 29820 | Swamp:1  | Reached skill level 15 in Conjurations
 30512 | Swamp:2  | Offered knowledge of Ozocubu's Refrigeration by Vehumet.
 30532 | Swamp:2  | Identified the +5 arbalest "Vinan" {elec, Str+2 Dex+6}
 30611 | Swamp:2  | Reached skill level 24 in Spellcasting
 31632 | Swamp:3  | Noticed a thorn hunter
 31634 | Swamp:3  | Killed a thorn hunter
 31693 | Swamp:3  | Identified the +4 ring mail of Restlessness {Rampage Str+3
                  | Slay+5}
 32072 | Swamp:4  | Entered Level 4 of the Swamp
 32540 | Swamp:4  | Reached XP level 17. HP: 62/96 MP: 35/47
 32616 | Swamp:4  | Offered knowledge of Irradiate by Vehumet.
 32617 | Swamp:4  | Noticed Mara
 32617 | Swamp:4  | Noticed Louise
 32880 | Swamp:4  | Reached skill level 15 in Fire Magic
 32887 | Swamp:4  | Killed Louise
 32888 | Swamp:4  | Reached skill level 25 in Spellcasting
 32901 | Swamp:3  | Noticed pokeman's illusion
 33124 | Swamp:3  | Killed Mara
 33396 | Swamp:4  | Found a basalt altar of Yredelemnul.
 33413 | Swamp:4  | Got a decaying rune of Zot
 33463 | Swamp:4  | Found a blossoming altar of Fedhas.
 33604 | Swamp:4  | Noticed bakla's ghost (adept KoBr)
 33618 | Swamp:4  | Found a runed translucent gate.
 33619 | Swamp:4  | Found a runed translucent gate.
 33620 | Swamp:4  | Found a runed translucent gate.
 33781 | Swamp:4  | Killed bakla's ghost
 33809 | Swamp:4  | Got Qusud's Grimoire of Death
 34269 | Snake:1  | Entered Level 1 of the Snake Pit
 34269 | Snake:1  | Found Conaca Cete's Magic Scroll Boutique.
 34271 | Snake:1  | Bought 2 scrolls of identify for 80 gold pieces
 34271 | Snake:1  | Bought a scroll of revelation for 150 gold pieces
 34583 | Snake:1  | Identified the +0 pair of gloves "Pirheycw" {rF+ SInv}
 34595 | Snake:1  | Offered knowledge of Spellforged Servitor by Vehumet.
 35109 | Snake:2  | Noticed Vashnia
 35114 | Snake:2  | Killed Vashnia
 35183 | Snake:2  | Acquired 1043 gold pieces
 35203 | Snake:2  | Reached skill level 26 in Spellcasting
 35401 | Snake:2  | Reached XP level 18. HP: 97/103 MP: 35/50
 35456 | Snake:2  | Noticed Asterion
 35459 | Snake:2  | Killed Asterion
 35845 | Snake:3  | Found Lituir's General Store.
 35857 | Snake:3  | Bought a +2 pair of boots of flying for 236 gold pieces
 35857 | Snake:3  | Bought a scroll of acquirement for 572 gold pieces
 35869 | Snake:3  | Acquired the Atlas of Pyromania and Movement
 35880 | Snake:3  | Learned a level 8 spell: Ignition
 36055 | Snake:3  | Noticed Nikola
 36060 | Snake:3  | Killed Nikola
 36175 | Snake:3  | Noticed Jorgrun
 36178 | Snake:3  | Killed Jorgrun
 36193 | Snake:3  | Noticed Aizul
 36308 | Snake:3  | Found a runed translucent door.
 36311 | Snake:3  | Noticed Meok's ghost (adept MiFi)
 36413 | Snake:3  | Learned a level 7 spell: Orb of Destruction
 37334 | Snake:3  | Offered knowledge of Lehudib's Crystal Spear by Vehumet.
 37334 | Snake:3  | Offered knowledge of Chain Lightning by Vehumet.
 37334 | Snake:3  | Offered knowledge of Maxwell's Capacitive Coupling by
                  | Vehumet.
 37651 | Snake:3  | Killed Aizul
 37905 | Snake:4  | Entered Level 4 of the Snake Pit
 38579 | Snake:4  | Found Fora's Distillery.
 38647 | Snake:4  | Bought a potion of curing for 45 gold pieces
 38647 | Snake:4  | Bought a potion of curing for 45 gold pieces
 38647 | Snake:4  | Bought a potion of curing for 45 gold pieces
 38647 | Snake:4  | Bought a potion of curing for 45 gold pieces
 38677 | Snake:4  | Reached skill level 27 in Spellcasting
 39273 | Snake:4  | Got a serpentine rune of Zot
 40046 | Snake:3  | Killed Meok's ghost
 40751 | Elf:1    | Entered Level 1 of the Elven Halls
 40985 | Elf:1    | Reached XP level 19. HP: 72/107 MP: 49/52
 41106 | Elf:1    | Noticed Kirke
 41111 | Elf:1    | Killed Kirke
 41262 | Elf:1    | Noticed Agnes
 41266 | Elf:1    | Killed Agnes
 41818 | Elf:2    | Found a huge runed translucent gate.
 41818 | Elf:2    | Found a huge runed translucent gate.
 41818 | Elf:2    | Found a huge runed translucent gate.
 41818 | Elf:2    | Found a huge runed translucent gate.
 41818 | Elf:2    | Found a huge runed translucent gate.
 42024 | Elf:2    | Paralysed by an air elemental for 1 turns
 43395 | Elf:3    | Entered Level 3 of the Elven Halls
 43791 | Elf:3    | Found Uharuh's Assorted Antiques.
 43830 | Elf:3    | Identified the ring of the Catfish {Fly Will+}
 44265 | Elf:3    | Identified the amulet "Cooteq" {-Tele Fly rPois Regen+
                  | Stlth+}
 44401 | Elf:3    | Identified the staff of air "Zeuqouki" {rElec Str+3}
 44403 | Elf:3    | Killed from afar by a crystal guardian

Illustrated notes

Levels and vault maps discovered:
D:1:      erik_arrival_cave_to_civilisation [erik_arrival_cave_to_hall],
          layout_basic, minmay_statues_item
D:2:      layout_loops_ring, shapermc_ecumenical_altar_acropolis, minivault_26
D:3:      layout_basic, uniq_sigmund, uniq_ijyb
D:4:      layout_basic
D:5:      gammafunk_steamed_eel, layout_gridville, minitemple, uniq_duvessa
D:6:      layout_rooms, portal_sewer_entry_f
D:7:      layout_rooms, gammafunk_temple_overflow_pools,
          minmay_temple_entry_mini_moons, serial_shops,
          nicolae_shop_tiny_real_fake_doors
D:8:      layout_basic, makhleb_altar_promises_db, enter_bailey_5,
          minmay_manual_mandibuliform
D:9:      layout_roguey
D:10:     layout_loops_ring, nicolae_shop_overcharged_wands
D:11:     layout_stronghold, grunt_lair_entry_orc_guard_hut, david_orc_4
D:12:     layout_big_octagon, serial_shops, nicolae_shop_real_fake_doors
D:13:     layout_roguey
D:14:     layout_basic, erik_vaults_1, nemelex_xobeh_ov_fountains_minmay,
          st_stairs_2, lemuel_another_geyser
D:15:     grunt_enter_depths_snipers, layout_stronghold
Temple:   nicolae_temple_hex_pool
Lair:1:   layout_misc_corridors, basic_altar, serial_bayou_shore_b,
          lemuel_fruit_tree
Lair:2:   layout_roguey
Lair:3:   hangedman_what_comes_after_a, layout_cave_shapes, swamp_mist,
          dummy_snake_entry, uniq_gastronok
Lair:4:   layout_long_grid, slime_entry_1, lemuel_fruit_fields,
          grunt_megastairs_3
Lair:5:   wormcave, layout_concentric_octagons, hangedman_lair_tendril_chambers
Swamp:1:  gammafunk_mikee_crab_dinner, layout_basic_swamp,
          nicolae_swamp_little_tower
Swamp:2:  layout_basic_swamp, evilmike_swamp_ruin_house_4, swamp_pool5,
          cheibrodos_swamp_minitomb
Swamp:3:  cheibrodos_swamp_tower_of_moss, layout_falls_marsh,
          evilmike_swamp_ruin_house_2, swamp_pool1, nicolae_swamp_well_well_well
Swamp:4:  byrel_swamp_growth_death_and_undeath, layout_basic_swamp,
          gammafunk_ghost_hydra_chop, uniq_louise, uniq_mara
Snake:1:  layout_onion_interference, serial_shops, shop
Snake:2:  layout_gridlike, grunt_megastairs_5, uniq_asterion, uniq_vashnia
Snake:3:  layout_honeycomb, ebering_ghost_inner_flame, nicolae_stop_n_shop_1,
          uniq_aizul, uniq_nikola, uniq_jorgrun
Snake:4:  johnstein_snake_rune_scales, layout_rooms, serial_shops, shop,
          grunt_megastairs_2
Orc:1:    cheibrodos_orc_arena, layout_caves, serial_shops, shop, basic_altar,
          uniq_sonja
Orc:2:    st_orc_town, layout_diamond_mine, hellmonk_bongcloud_opening,
          uniq_donald
Elf:1:    elf_arrival_001, layout_geoelf_octagon, kennysheep_underground_church,
          uniq_agnes, uniq_kirke
Elf:2:    elven_hall_of_blades_hangedman_alternative
          [nicolae_blade_entry_floor_patterns], layout_geoelf_diagonals
Elf:3:    minmay_elf_hall_golems, layout_geoelf_diagonals, serial_shops, shop

Skill      XL: |  1  2  3  4  5  6  7  8  9 10 11 12 13 14 15 16 17 18 19 |
---------------+----------------------------------------------------------+-----
Spellcasting   | 5 6 8 10 12 13 16 17 19 21 22 24 26 27 | 27.0
Fighting       | 1 2 3 5 6 7 8 9 |  9.6
Armour         | 1 2 4 6 7 9 |  9.1
Conjurations   | 2 4 5 6 8 9 10 11 12 13 14 15 16 17 19 | 19.8
Dodging        | 3 |  3.0
Stealth        | 3 |  3.0
Air Magic      | 1 |  1.1
Poison Magic   | 1 |  1.2
Evocations     | 1 |  1.2
Summonings     | 2 |  2.0
Fire Magic     | 1 3 5 7 8 10 11 12 13 14 15 16 18 | 18.0
Necromancy     | 2 |  2.0
Shields        | 2 4 6 |  6.0
Earth Magic    | 4 5 |  5.0
Translocations | |  1.1

Action                     |  1- 3 |  4- 6 |  7- 9 | 10-12 | 13-15 | 16-18 | 19-21 || total
---------------------------+-------+-------+-------+-------+-------+-------+-------++-------
  Melee: Dagger            |    10 |       |       |       |       |       |       ||    10
         Whip              |    13 |    10 |   114 |   113 |    11 |       |       ||   261
         Punch             |     1 |       |     2 |     4 |       |       |       ||     7
         Staff             |       |       |       |       |       |     1 |       ||     1
   Cast: Magic Dart        |    84 |    69 |   252 |    25 |     2 |       |     2 ||   434
         Blink             |    19 |       |    10 |    21 |     5 |     6 |     1 ||    62
         Mephitic Cloud    |     2 |     4 |    30 |    77 |     9 |     1 |     1 ||   124
         Call Imp          |       |       |     7 |     5 |     1 |     2 |       ||    15
         Foxfire           |       |       |    85 |   552 |    35 |       |       ||   672
         Plasma Beam       |       |       |       |    39 |   135 |    54 |     6 ||   234
         Fireball          |       |       |       |       |   326 |   414 |    90 ||   830
         Leda's Unmaking   |       |       |       |       |    13 |    85 |    66 ||   164
         Swiftness         |       |       |       |       |       |     1 |       ||     1
         Ignition          |       |       |       |       |       |     2 |     1 ||     3
         Orb of Destructio |       |       |       |       |       |     2 |       ||     2
  Evoke: Wand              |       |       |     8 |    14 |       |     5 |       ||    27
         Condenser vane    |       |       |       |       |       |     1 |       ||     1
    Use: Scroll            |       |       |       |    22 |     6 |     8 |       ||    36
   Stab: Confused          |     2 |     2 |     6 |    12 |       |       |       ||    22
 Armour: Robe              |     3 |     6 |    13 |       |       |       |       ||    22
         Steam dragon scal |       |       |    29 |    98 |    13 |     9 |       ||   149
         Swamp dragon scal |       |       |       |       |       |    13 |     4 ||    17
  Dodge: Dodged            |    28 |    19 |   109 |   252 |    40 |    22 |     9 ||   479
  Block: Buckler           |       |       |       |       |    10 |    17 |     1 ||    28

Table legend: (Time is in decaauts)
 A = Elapsed time spent in this place.
 B = Non-inter-level travel time spent in this place.
 C = Inter-level travel time spent in this place.
 D = Time resting spent in this place.
 E = Time spent auto-exploring this place.
 F = Levels seen in this place.
 G = Mean time per level.
                   A        B        C        D        E       F      G
               +--------+--------+--------+--------+--------+-----+--------+
         Total |  44835 |  40731 |   4104 |   4896 |  28625 |  36 | 1245.4 |
       Dungeon |  18329 |  16235 |   2094 |   1193 |  12201 |  15 | 1221.9 |
        Temple |    270 |    257 |     13 |      0 |      0 |   1 |  270.0 |
          Lair |   8462 |   7589 |    873 |   1620 |   4745 |   5 | 1692.4 |
         Swamp |   5334 |   4974 |    360 |    999 |   3270 |   4 | 1333.5 |
     Snake Pit |   5391 |   4821 |    570 |    347 |   3515 |   4 | 1347.8 |
  Orcish Mines |   2283 |   2166 |    117 |    113 |   1685 |   2 | 1141.5 |
   Elven Halls |   3651 |   3578 |     73 |    622 |   2410 |   3 | 1217.0 |
         Sewer |    449 |    449 |      0 |      0 |    332 |   1 |  449.0 |
        Bailey |    662 |    662 |      0 |      2 |    465 |   1 |  662.0 |
               +--------+--------+--------+--------+--------+-----+--------+

Top non-repeatable levels by time:
    D:11: 2452 daAuts
 Snake:3: 2320 daAuts
  Lair:3: 2235 daAuts
 Swamp:3: 1855 daAuts
  Lair:2: 1834 daAuts
   Elf:2: 1730 daAuts
  Lair:5: 1683 daAuts
     D:1: 1648 daAuts
 Snake:4: 1629 daAuts
    D:10: 1620 daAuts
  Lair:4: 1543 daAuts
     D:7: 1511 daAuts
 Swamp:1: 1406 daAuts
   Orc:2: 1288 daAuts
 Swamp:2: 1260 daAuts
